 Dungeon Sprint DCSS version 0.17-a0-1450-g7e755d1 (webtiles) character file.

2663 pulse the Cleaver (level 9, -6/81 HPs)
             Began as a Formicid Fighter on June 30, 2015.
             Was a High Priest of Trog.
             Mangled by a catoblepas (13 damage)
             ... in the Dungeon (Sprint IX: "|||||||||||||||||||||||||||||").
             The game lasted 00:04:06 (1380 turns).

pulse the Cleaver (Formicid Fighter)                Turns: 1380, Time: 00:04:06

Health: -6/81      AC: 14    Str: 28    XL:     9   Next: 94%
Magic:  11/11      EV:  2    Int:  7    God:    Trog [*****.]
Gold:   0          SH:  0    Dex: 10    Spells: 0 memorised, 8 levels left

rFire  . . .     SeeInvis +     a - +0 war axe
rCold  . . .     Clarity  .     q - +1 scale mail
rNeg   + + +     SustAt   .     c - +0 shield
rPois  ∞         Gourm    .     (helmet unavailable)
rElec  .         Spirit   .     p - +0 cloak
rCorr  .         Warding  .     (no gloves)
rMut   .         Stasis   +     (no boots)
MR     .....                    (no amulet)
Stlth  ..........               s - +3 ring of strength
                                r - +2 ring of protection

@: petrified, not resistant to hostile enchantments, extremely unstealthy
A: permanent stasis, dig shafts and tunnels, four strong arms, antennae 3
a: Dig, Burn Spellbooks, Trog's Hand, Brothers in Arms, Renounce Religion


You were in the Dungeon.
You worshipped Trog.
Trog was extremely pleased with you.
You were not hungry.

You visited 1 branch

Inventory:

Hand weapons
 a - a +0 war axe (weapon)
 o - a +3 war axe of chopping
Armour
 c - a +0 shield (worn)
 p - a +0 cloak (worn)
 q - a +1 scale mail (worn)
Jewellery
 r - a +2 ring of protection (left hand)
 s - a +3 ring of strength (right hand)
Magical devices
 n - a wand of cold (0)
Scrolls
 k - 3 scrolls of blinking
 m - 3 scrolls of remove curse
 u - 2 scrolls of fog
 w - 6 scrolls of enchant weapon
Potions
 b - a potion of resistance
 d - a potion of might
 f - 4 potions of curing
 g - a potion of invisibility
 h - 2 potions of haste
 i - 4 potions of magic
 j - a potion of berserk rage
 t - a potion of brilliance


   Skills:
 + Level 11.5 Fighting
 * Level 13.8 Axes
 + Level 13.0 Armour
 - Level 1.8 Dodging
 + Level 2.3 Stealth
 - Level 5.6 Shields
 + Level 2.9 Evocations


You had 8 spell levels left.
You didn't know any spells.

Dungeon Overview and Level Annotations

Branches:
Dungeon (1/1)

Altars:
Cheibriados
Dithmenos
Elyvilon
Fedhas
Gozag
Kikubaaqudgha
Makhleb
Nemelex Xobeh
Okawaru
Qazlal
Ru
Sif Muna
Trog
Vehumet
Xom
Yredelemnul
Zin
The Shining One
Beogh
Jiyva
Lugonu


Innate Abilities, Weirdness & Mutations

You are under a permanent stasis effect.
You can dig through walls and to a lower floor.
Your four strong arms can wield two-handed weapons with a shield.
You have a pair of large antennae on your head (SInv).


Message History

You are slowing down.
The catoblepas gores you.
You slash the catoblepas!
The catoblepas is severely wounded.
You are engulfed in calcifying dust.
The catoblepas gores you!
Your limbs are stiffening.
You slash the catoblepas!
The catoblepas is almost dead.
You are engulfed in calcifying dust.
Your limbs have turned to stone.
The catoblepas gores you but does no damage.
You have turned to stone.
You are engulfed in calcifying dust.
The catoblepas breathes a plume of calcifying dust at you.
The blast of calcifying dust hits you!
You are engulfed in calcifying dust.
The catoblepas gores you!!
* * * LOW HITPOINT WARNING * * *
You are engulfed in calcifying dust.
The catoblepas gores you!
* * * LOW HITPOINT WARNING * * *
The catoblepas gores you!!
You die... { {{{{{{{{{{{{{ {{{{{{{{{

▓▓▓▓▓▓▓▓▓▓▓▓▓▓▓▓▓▓▓▓▓▓▓▓▓▓▓▓▓▓▓▓▓
...'.....(.§...§@YlSFY....††..lSS
▓▓▓▓▓▓▓▓▓▓▓▓▓▓▓▓▓▓▓▓▓▓▓▓▓▓▓▓▓▓▓▓▓
.................................
▓▓▓▓▓▓▓▓▓▓▓▓▓▓▓▓▓▓▓▓▓▓▓▓▓▓▓▓▓▓▓▓▓
.'÷....†.....'___________________
▓▓▓▓▓▓▓▓▓▓▓▓▓▓▓▓▓▓▓▓▓▓▓▓▓▓▓▓▓▓▓▓▓


You could see a catoblepas, a spiny frog, a basilisk, a water moccasin and a
sheep.

Vanquished Creatures
  A griffon (D)
  An elephant (D)
  A komodo dragon (D)
  A fire drake (D)
  A yak (D)
  A hungry ghost (D)
  2 hippogriffs (D)
  2 water moccasins (D)
  An orc warrior (D)
  A sky beast (D)
  An ogre (D)
  3 giant frogs (D)
  A wight (D)
  A crimson imp (D)
  A jelly (D)
  A hound (D)
  2 worker ants (D)
  An iguana (D)
  2 adders (D)
  A river rat (D)
  3 bats (D)
  A bat skeleton (D)
  A goblin (D)
  A giant newt (D)
  A kobold (D)
  2 rats (D)
35 creatures vanquished.

Vanquished Creatures (others)
  3 fungi (D)
  A plant (D)
4 creatures vanquished.

Grand Total: 39 creatures vanquished

Notes
Turn   | Place    | Note
--------------------------------------------------------------
     0 | D        | pulse the Formicid Fighter began the quest for the Orb.
     0 | D        | Reached XP level 1. HP: 18/18 MP: 1/1
    28 | D        | Reached skill level 4 in Shields
   205 | D        | Noticed a hound
   216 | D        | Killed a hound
   216 | D        | Reached skill level 1 in Dodging
   216 | D        | Reached skill level 5 in Shields
   216 | D        | Reached XP level 2. HP: 24/26 MP: 2/2
   216 | D        | Reached XP level 3. HP: 29/32 MP: 3/3
   224 | D        | Reached skill level 5 in Fighting
   224 | D        | Reached skill level 5 in Armour
   236 | D        | Found a glowing silver altar of Zin.
   236 | D        | Found a glowing golden altar of the Shining One.
   236 | D        | Found an ancient bone altar of Kikubaaqudgha.
   236 | D        | Found a basalt altar of Yredelemnul.
   236 | D        | Found a shimmering altar of Xom.
   236 | D        | Found a radiant altar of Vehumet.
   237 | D        | Found an iron altar of Okawaru.
   238 | D        | Found a burning altar of Makhleb.
   239 | D        | Found a deep blue altar of Sif Muna.
   240 | D        | Found a bloodstained altar of Trog.
   241 | D        | Found a sparkling altar of Nemelex Xobeh.
   242 | D        | Found a white marble altar of Elyvilon.
   243 | D        | Found a roughly hewn altar of Beogh.
   244 | D        | Found a viscous altar of Jiyva.
   245 | D        | Found a corrupted altar of Lugonu.
   246 | D        | Found a blossoming altar of Fedhas.
   247 | D        | Found a snail-covered altar of Cheibriados.
   248 | D        | Found a shadowy altar of Dithmenos.
   250 | D        | Became a worshipper of Trog the Wrathful
   252 | D        | Found a stormy altar of Qazlal.
   253 | D        | Found an opulent altar of Gozag.
   254 | D        | Found a sacrificial altar of Ru.
   299 | D        | Noticed a sky beast
   299 | D        | Noticed a jelly
   299 | D        | Noticed an orc warrior
   299 | D        | Noticed a worker ant
   308 | D        | Killed a sky beast
   308 | D        | Reached skill level 6 in Fighting
   308 | D        | Reached skill level 7 in Armour
   308 | D        | Reached XP level 4. HP: 38/41 MP: 4/4
   308 | D        | Reached XP level 5. HP: 43/47 MP: 5/5
   311 | D        | Killed a jelly
   311 | D        | Acquired Trog's first power
   311 | D        | Reached skill level 5 in Axes
   311 | D        | Reached skill level 8 in Armour
   318 | D        | HP: 2/47 [orc warrior/trident (15)]
   320 | D        | Killed an orc warrior
   320 | D        | Reached skill level 9 in Armour
   320 | D        | Reached XP level 6. HP: 14/56 MP: 6/6
   335 | D        | Killed a worker ant
   335 | D        | Acquired Trog's second power
   642 | D        | Noticed a wight
   642 | D        | Noticed a griffon
   642 | D        | Noticed a crimson imp
   642 | D        | Noticed a worker ant
   642 | D        | Noticed an ogre
   642 | D        | Noticed a hungry ghost
   644 | D        | Killed a crimson imp
   644 | D        | Killed a worker ant
   644 | D        | Reached XP level 7. HP: 62/62 MP: 7/7
   654 | D        | Killed a griffon
   654 | D        | Reached skill level 11 in Armour
   654 | D        | Reached skill level 1 in Stealth
   654 | D        | Reached skill level 1 in Evocations
   654 | D        | Reached XP level 8. HP: 26/71 MP: 8/8
   660 | D        | Killed a wight
   664 | D        | Killed an ogre
   664 | D        | Reached skill level 10 in Axes
   686 | D        | Killed a hungry ghost
   973 | D        | Noticed a water moccasin
   973 | D        | Noticed a hippogriff
   973 | D        | Noticed a giant frog
   973 | D        | Noticed a yak
   973 | D        | Noticed a giant frog
   977 | D        | Noticed a giant frog
   978 | D        | Noticed a water moccasin
   982 | D        | Killed a water moccasin
   982 | D        | Acquired Trog's third power
   985 | D        | Killed a hippogriff
   985 | D        | Reached skill level 10 in Fighting
   985 | D        | Reached skill level 12 in Armour
   986 | D        | Noticed a komodo dragon
   990 | D        | Killed a giant frog
   997 | D        | Killed a yak
   997 | D        | Reached XP level 9. HP: 32/78 MP: 10/10
  1002 | D        | Killed a giant frog
  1008 | D        | Killed a giant frog
  1008 | D        | Received a gift from Trog
  1014 | D        | Killed a water moccasin
  1023 | D        | Killed a komodo dragon
  1311 | D        | Noticed a hippogriff
  1311 | D        | Noticed an iguana
  1311 | D        | Noticed a fire drake
  1311 | D        | Noticed an elephant
  1311 | D        | Noticed a catoblepas
  1311 | D        | Noticed a basilisk
  1316 | D        | Noticed a water moccasin
  1317 | D        | Killed a hippogriff
  1317 | D        | Reached skill level 13 in Axes
  1318 | D        | Killed an iguana
  1320 | D        | Noticed a spiny frog
  1336 | D        | Killed a fire drake
  1372 | D        | Killed an elephant
  1380 | D        | Mangled by a catoblepas

Vault maps used:
D:        linesprint

Action                   |  1- 3 |  4- 6 |  7- 9 || total
-------------------------+-------+-------+-------++-------
Melee: War axe           |    56 |    24 |   114 ||   194
Evoke: Wand              |       |     1 |     6 ||     7
  Use: Potion            |     1 |     2 |     3 ||     6
       Scroll            |       |       |     1 ||     1
  Eat: Chunk             |       |       |     2 ||     2
       Bread ration      |       |       |     1 ||     1
